 Dungeon Crawl Stone Soup version 0.28.0-45-g0d030f2227 (webtiles) character file.

Game seed: 9749028033114467617

2369 Revguard the Charlatan (level 9, 0/71 HPs)
             Began as a Barachi Fighter on Apr 11, 2022.
             Slain by Pikel
             ... wielding a +2 whip of electrocution
              (17 damage)
             ... on level 7 of the Dungeon.
             The game lasted 00:19:38 (7448 turns).

Revguard the Charlatan (Barachi Fighter)            Turns: 7448, Time: 00:19:40

Health: 0/71       AC: 19    Str: 19    XL:     9   Next: 44%
Magic:  9/9        EV: 10    Int:  8    God:
Gold:   385        SH: 15    Dex: 15    Spells: 8/8 levels left

rFire   . . .      SeeInvis .   E - +0 war axe (vamp)
rCold   . . .      Faith    .   q - +0 kite shield
rNeg    . . .      Spirit   .   k - +0 plate armour
rPois   .          Reflect  +   s - +0 helmet
rElec   .          Harm     .   (no cloak)
rCorr   .          Rampage  .   (no gloves)
Will    .....                   b - +0 pair of boots
Stlth   ..........              v - amulet of reflection
HPRegen 0.21/turn               i - +4 ring of evasion
MPRegen 0.11/turn               n - +4 ring of protection

@: slow
A: amphibious, slowness 1, strong legs 1, +LOS
a: Hop


You were on level 7 of the Dungeon.
You visited 2 branches of the dungeon, and saw 8 of its levels.
You also visited: Sewer.

You collected 385 gold pieces.

Inventory:

Hand Weapons
 a - a +0 war axe
 h - a +1 vorpal hand axe
 D - a +3 flail
 E - a +0 vampiric war axe (weapon)
Armour
 b - a +0 pair of boots (worn)
 k - a +0 plate armour (worn)
 q - a +0 kite shield (worn)
 s - a +0 helmet (worn)
Jewellery
 i - a +4 ring of evasion (left hand)
 l - an amulet of the acrobat
 n - a +4 ring of protection (right hand)
 u - a ring of resist corrosion
 v - an amulet of reflection (around neck)
Wands
 A - a wand of paralysis (12)
Scrolls
 c - a scroll of enchant weapon {unknown}
 f - 3 scrolls of enchant armour
 m - a scroll of immolation
 p - 2 scrolls of blinking
 r - 3 scrolls of fog
 w - 2 scrolls of amnesia
 y - a scroll of magic mapping {unknown}
 B - 2 scrolls of identify
Potions
 d - 2 potions of might
 e - 3 potions of curing
 g - 2 potions of cancellation
 j - 3 potions of flight
 o - a potion of lignification
 t - a potion of attraction
 x - 2 potions of brilliance
 z - a potion of magic
 C - a potion of resistance {unknown}
 F - a potion of berserk rage {unknown}


   Skills:
 + Level 6.7 Fighting
 + Level 5.7 Axes
 + Level 6.6 Armour
 + Level 4.9 Dodging
 + Level 6.0 Shields
 * Level 6.9 Evocations


You had 8 spell levels left.
You didn't know any spells.
Your spell library contained the following spells:

 Spells                   Type           Power      Damage    Failure   Level
 Call Canine Familiar     Summ           0%         N/A       100%        3
 Inner Flame              Hex/Fire       0%         N/A       100%        3
 Ozocubu's Armour         Ice            0%         N/A       100%        3
 Portal Projectile        Hex/Tloc       0%         N/A       100%        3
 Cause Fear               Hex            0%         N/A       100%        4
 Leda's Liquefaction      Hex/Erth       0%         N/A       100%        4
 Metabolic Englaciation   Hex/Ice        0%         N/A       100%        5
 Simulacrum               Ice/Necr       0%         N/A       100%        6
 Discord                  Hex            0%         N/A       100%        8


Dungeon Overview and Level Annotations

Branches:
Dungeon (8/15)             Temple (1/1) D:4           Sewer (visited)
   Lair: D:8-11

Altars:
Ashenzari
Dithmenos
Elyvilon
Fedhas
Makhleb
Nemelex Xobeh
Okawaru
Qazlal
Ru
Sif Muna
Trog
Uskayaw
Vehumet
Wu Jian
Xom
Zin
The Shining One

Shops:
D:5 :   D:8 =

Annotations:
D:7 Pikel


Innate Abilities, Weirdness & Mutations

You are amphibious.
You cover ground slowly.
You can hop short distances.
You have an extended range of vision and can be seen from far away.


Message History

Pikel hits you with a +2 whip of electrocution.
The lemure hits you but does no damage.
You closely miss Pikel. You closely miss the lemure. You hit the lemure.
You closely miss the lemure. You block the lemure's attack. x2
Pikel hits you but does no damage. The lemure misses you.
The lemure hits you but does no damage.
You barely miss Pikel. You hit the lemure but do no damage. x2
You closely miss the lemure. You block the lemure's attack.
Pikel hits you but does no damage.
You are electrocuted!
The lemure hits you but does no damage. x2; The lemure hits you.
You barely miss Pikel. You hit the lemure. You hit the lemure but do no damage.
You closely miss the lemure. You block Pikel's attack.
The lemure hits you but does no damage. x3; The lemure barely misses you.
You block Pikel's attack.
You closely miss Pikel. You hit the lemure but do no damage.
You hit the lemure. You barely miss the lemure. You block the lemure's attack.
The lemure hits you. Pikel completely misses you. The lemure barely misses you.
The lemure hits you but does no damage.
You slash Pikel!
You feel better.
Pikel is lightly wounded.
You hit the lemure but do no damage. You barely miss the lemure.
You closely miss the lemure. The lemure closely misses you.
Pikel hits you but does no damage. You block the lemure's attack.
The lemure closely misses you. The lemure hits you but does no damage.
The lemure closely misses you. You block Pikel's attack.
You closely miss Pikel.
Pikel is lightly wounded.
You barely miss the lemure. You hit the lemure but do no damage.
You closely miss the lemure. You block the lemure's attack. x2
Pikel hits you with a +2 whip of electrocution.
You are electrocuted!
The lemure closely misses you. The lemure barely misses you.
You closely miss Pikel.
Pikel is lightly wounded.
You barely miss the lemure. You hit the lemure. You completely miss the lemure.
You block the lemure's attack.
Pikel hits you with a +2 whip of electrocution!
* * * LOW HITPOINT WARNING * * *
You are electrocuted!
You die...

.. . ..>.#.#..
#.#..##...#.#.#+
..... ..$#....
#.#.##..#...
.......... #
#..#..#.#####..#
#.#..#5.......#
#....55KO.....#
#...5@# #.>...+
###...# #...#
#...# #(..#
#...# #####


You could see Pikel, an ogre and 4 lemures.

Vanquished Creatures
  An orc warrior (D:8)
  2 sky beasts
  A hornet zombie (D:5)
  A necrophage (D:4)
  2 ogres (D:4)
  2 centaurs
  7 kobold brigands
  2 gnoll sergeants (D:8)
  A water moccasin zombie (D:5)
  4 wights (D:8)
  2 howler monkeys
  2 centaur zombies
  2 hounds
  A bullfrog skeleton (D:5)
  3 orc priests
  5 orc wizards
  19 gnolls
  2 adders
  3 worms
  A dart slug (D:5)
  20 orcs
  3 endoplasms
  2 giant cockroaches
  10 goblins
  7 hobgoblins
  10 jackals
  15 kobolds
  3 quokkas
  7 ball pythons
  5 bats
  13 rats
158 creatures vanquished.

Vanquished Creatures (others)
  A kobold (Sewer)
  2 fungi (D:1)
3 creatures vanquished.

Grand Total: 161 creatures vanquished

Notes
Turn   | Place    | Note
-------+----------+-------------------------------------------
     0 | D:1      | Revguard the Barachi Fighter began the quest for the Orb.
     0 | D:1      | Reached XP level 1. HP: 18/18 MP: 1/1
   263 | D:1      | Reached XP level 2. HP: 24/25 MP: 2/2
   717 | D:1      | Found a faded altar of an unknown god.
   908 | D:2      | Reached skill level 1 in Dodging
   908 | D:2      | Reached XP level 3. HP: 19/30 MP: 3/3
  1471 | D:2      | Found a sacrificial altar of Ru.
  1735 | D:2      | Reached XP level 4. HP: 25/37 MP: 4/4
  2195 | D:3      | Reached skill level 1 in Evocations
  2407 | D:3      | Reached XP level 5. HP: 35/43 MP: 5/5
  2479 | D:3      | Noticed a centaur
  2498 | D:3      | Killed a centaur
  3315 | D:4      | Reached XP level 6. HP: 47/49 MP: 6/6
  3421 | D:4      | Found a shadowy altar of Dithmenos.
  3950 | D:4      | Noticed a necrophage
  3966 | D:4      | Killed a necrophage
  3967 | D:4      | Reached XP level 7. HP: 45/55 MP: 7/7
  4112 | D:4      | Reached skill level 5 in Fighting
  4112 | D:4      | Reached skill level 5 in Armour
  4172 | D:4      | Found a glowing silver altar of Zin.
  4570 | D:4      | Found a staircase to the Ecumenical Temple.
  4581 | Temple   | Entered the Ecumenical Temple
  4745 | D:5      | Entered Level 5 of the Dungeon
  4857 | D:5      | Found a glowing drain.
  4881 | D:5      | Reached XP level 8. HP: 27/63 MP: 8/8
  4901 | Sewer    | Entered a sewer
  5252 | Sewer    | Reached skill level 5 in Shields
  5260 | Sewer    | Reached skill level 5 in Evocations
  5829 | D:5      | Found Nuoclofu's Self-Improvement Boutique.
  6123 | D:5      | You fall into a shaft and drop 3 floors!
  6131 | D:8      | Reached skill level 5 in Axes
  6152 | D:8      | Reached XP level 9. HP: 27/70 MP: 9/9
  6917 | D:8      | Found Ilaqatoa's Jewellery Boutique.
  7434 | D:7      | Noticed Pikel
  7448 | D:7      | Slain by Pikel

Illustrated notes

Levels and vault maps discovered:
D:1:      giann_forest_graveyard, layout_loops_ring,
          shapermc_ecumenical_altar_hornbeckon
D:2:      layout_basic, basic_altar
D:3:      kennysheep_goblin_castle, layout_rooms
D:4:      layout_loops_corners, mainiacjoe_overflow_24_doors,
          grunt_dithmenos_smoke_and_mirrors, lemuel_temple_firewalk_b
D:5:      layout_cave_pools, cheibrodos_sewer_entry_drain,
          nicolae_shop_self_help
D:7:      layout_basic, enter_bailey_6, uniq_pikel
D:8:      layout_basic, mainiacjoe_overflow_alcove_2,
          nicolae_overflow_hidden_temple, special_room [special_room_orc],
          grunt_ministairs_2, nicolae_stop_n_shop_1
Temple:   regret_index_temple_waves

Skill      XL: |  1  2  3  4  5  6  7  8  9 |
---------------+----------------------------+-----
Dodging        | 1 2 3 4 |  4.9
Fighting       | 4 5 6 |  6.7
Armour         | 4 5 6 |  6.6
Evocations     | 1 2 3 4 6 |  6.9
Axes           | 3 4 5 |  5.7
Shields        | 4 5 6 |  6.0

Action                   |  1- 3 |  4- 6 |  7- 9 || total
-------------------------+-------+-------+-------++-------
Melee: War axe           |   118 |    84 |    13 ||   215
       Hand axe          |       |    55 |   468 ||   523
 Abil: Hop               |     1 |       |       ||     1
Evoke: Wand              |       |       |     1 ||     1
  Use: Potion            |       |     3 |     9 ||    12
       Scroll            |       |     3 |     8 ||    11
 Stab: Paralysed         |       |       |     4 ||     4
Armor: Scale mail        |    45 |    10 |       ||    55
       Plate armour      |       |   122 |   245 ||   367
Dodge: Dodged            |   110 |    97 |   177 ||   384
Block: Buckler           |    42 |    57 |   190 ||   289
       Reflection        |       |       |     6 ||     6
       Kite shield       |       |       |   146 ||   146
